 Dungeon Crawl Stone Soup version 0.31-a0-1522-g43313d8 (webtiles) character file.

Game seed: 1107366018149055661

290 blake the Trooper (level 6, 0/57 HPs)
             Began as a Hill Orc Monk on Dec 30, 2023.
             Was an Initiate of Qazlal.
             Killed by divine providence
             ... invoked by a smoke demon
             ... created by the fury of Makhleb
              (16 damage)
             ... on level 5 of the Dungeon.
             The game lasted 00:11:30 (3603 turns).

blake the Trooper (Hill Orc Monk)                   Turns: 3603, Time: 00:11:30

Health: 0/57       AC:  9    Str: 16    XL:     6   Next: 32%
Magic:  6/6        EV: 14    Int: 13    God:    Qazlal [......]
Gold:   256        SH:  8    Dex: 12    Spells: 5/5 levels left

rFire   + . .        j - +2 spear (freeze)
rCold   . . .        C - +0 kite shield
rNeg    . . .        q - +2 ring mail of Servitude {Dex+2}
rPois   .            x - +1 hat of the World {rF+ Int+3 Dex-3}
rElec   .            (no cloak)
rCorr   .            G - +0 pair of gloves
SInv    .            (no boots)
Will    .....        (no amulet)
Stlth   +            m - +5 ring of evasion
HPRegen 0.29/turn    (no ring)
MPRegen 0.10/turn

%: no passive effects
@: no status effects
A: no striking features
a: Renounce Religion


You were on level 5 of the Dungeon.
You worshipped Qazlal.
Qazlal was noncommittal.
You visited 2 branches of the dungeon, and saw 6 of its levels.

You collected 256 gold pieces.

Inventory:

Hand Weapons
 a - a +0 hand axe
 j - a +2 spear of freezing (weapon)
Missiles
 r - 6 javelins
 H - a throwing net
Armour
 b - a +0 robe
 d - an orb of light
 e - a +0 leather armour
 i - a +0 buckler
 n - a +0 chain mail
 q - the +2 ring mail of Servitude (worn) {Dex+2}
   (You found it on level 2 of the Dungeon)

   Dex+2:     It affects your dexterity (+2).
 x - the +1 hat of the World (worn) {rF+ Int+3 Dex-3}
   (You found it on level 3 of the Dungeon)

   Int+3:     It affects your intelligence (+3).
   Dex-3:     It affects your dexterity (-3).
   rF+:       It protects you from fire.
 C - a +0 kite shield (worn)
 G - a +0 pair of gloves (worn)
Jewellery
 m - a +5 ring of evasion (left hand)
Wands
 E - a wand of mindburst (8)
Scrolls
 f - 5 scrolls of identify {unknown}
 l - 2 scrolls of vulnerability {unknown}
 s - a scroll of torment {unknown}
 t - a scroll of noise {unknown}
 u - 3 scrolls of teleportation {unknown}
 v - a scroll of brand weapon {unknown}
 w - 2 scrolls of fear {unknown}
 y - a scroll of enchant armour {unknown}
 D - a scroll of immolation {unknown}
 F - a scroll of poison {unknown}
Potions
 c - a potion of ambrosia
 g - a potion of brilliance {unknown}
 h - a potion of lignification {unknown}
 k - 2 potions of enlightenment {unknown}
 o - a potion of curing {unknown}
 p - a potion of mutation {unknown}
 z - 2 potions of berserk rage {unknown}
 A - a potion of heal wounds {unknown}
 B - a potion of haste {unknown}


   Skills:
 + Level 6.1 Fighting
 - Level 4.1(5.2) Axes
 + Level 4.1(4.7) Polearms
 - Level 2.4 Dodging
 + Level 2.0 Shields


You had 5 spell levels left.
You didn't know any spells.
Your spell library contained the following spells:

 Spells                   Type           Power      Damage    Failure   Level
 Magic Dart               Conj           0%         1d3       88%         1
 Necrotise                Necr           0%         1d4       88%         1
 Sting                    Conj/Alch      0%         1d3       88%         1
 Mercury Vapours          Alch/Air       0%         N/A       96%         2
 Searing Ray              Conj           0%         2d4       96%         2
 Mephitic Cloud           Conj/Alch/Air  0%         N/A       99%         3
 Vampiric Draining        Necr           0%         2d6       99%         3
 Fulminant Prism          Conj/Alch      0%         3d5       100%        4
 Martyr's Knell           Necr/Summ      0%         N/A       100%        4
 Olgreb's Toxic Radiance  Alch           0%         N/A       100%        4
 Curse of Agony           Necr           0%         N/A       100%        5
 Freezing Cloud           Conj/Ice/Air   0%         6-21      100%        5


Dungeon Overview and Level Annotations

Branches:
Dungeon (5/15)             Temple (1/1) D:4

Altars:
Cheibriados
Dithmenos
Elyvilon
Fedhas
Gozag
Kikubaaqudgha
Makhleb
Okawaru
Qazlal
Ru
Sif Muna
Trog
Uskayaw
Vehumet
Wu Jian
Xom
Zin
The Shining One


Message History

You completely miss the smoke demon.
The smoke demon is heavily wounded.
The smoke demon completely misses you. The smoke demon misses you.
You block the smoke demon's attack.
You hit the smoke demon. You freeze the smoke demon.
The smoke demon is heavily wounded.
The smoke demon gestures at you. Makhleb smites you!
You barely miss the smoke demon.
The smoke demon is heavily wounded.
The smoke demon hits you.
The smoke demon hits you but does no damage. x2
You are too injured to fight recklessly!
You closely miss the smoke demon.
The smoke demon is heavily wounded.
The smoke demon gestures at you. The ball of steam hits you! You resist.
You hit the smoke demon. You freeze the smoke demon.
The smoke demon is severely wounded.
You block the smoke demon's attack. The smoke demon closely misses you.
The smoke demon hits you but does no damage.
You hit the smoke demon. You freeze the smoke demon.
The smoke demon is severely wounded.
The smoke demon hits you.
* * * LOW HITPOINT WARNING * * *
The smoke demon hits you but does no damage. x2
You barely miss the smoke demon.
The smoke demon is severely wounded.
You block the smoke demon's attack. The smoke demon closely misses you.
The smoke demon hits you but does no damage.
You closely miss the smoke demon.
The smoke demon is severely wounded.
The smoke demon hits you but does no damage.
The smoke demon barely misses you. The smoke demon hits you.
* * * LOW HITPOINT WARNING * * *
You hit the smoke demon. You freeze the smoke demon.
The smoke demon is severely wounded.
The smoke demon gestures at you. Makhleb smites you!
You die...

#.....# #.....# #.....#
#.....# #.....# #.....#
#.....# #...<.#
#@...####### #.3..##....#
#..........+ #..........#
###..........#
..............+
..#.......#...............#
..#.......+...########....#
..#.......#...#......#....#


You could see a smoke demon.

Vanquished Creatures
  A neqoxec (D:4)
  A scorpion (D:4)
  A hound (D:4)
  A bombardier beetle (D:3)
  An iguana (D:5)
  An orc wizard (D:4)
  4 adders
  3 dart slugs
  2 ribbon worms
  3 orcs
  6 ball pythons
  8 endoplasms
  7 goblins
  7 hobgoblins
  4 jackals (D:3)
  5 quokkas
  4 bats
  2 frilled lizards
  10 kobolds
  5 rats
76 creatures vanquished.

Notes
Turn   | Place    | Note
-------+----------+-------------------------------------------
     0 | D:1      | blake the Hill Orc Monk began the quest for the Orb.
     0 | D:1      | Reached XP level 1. HP: 19/19 MP: 1/1
   196 | D:1      | Found a faded altar of an unknown god.
   216 | D:1      | Prayed at the altar of an unknown god.
   216 | D:1      | Became a worshipper of Makhleb the Destroyer
   216 | D:1      | Reached * piety under Makhleb
   216 | D:1      | Reached ** piety under Makhleb
   276 | D:1      | Reached XP level 2. HP: 27/27 MP: 2/2
   306 | D:1      | Reached skill level 4 in Fighting
   503 | D:1      | Reached skill level 1 in Polearms
   766 | D:2      | Reached XP level 3. HP: 34/34 MP: 3/3
   778 | D:2      | Reached *** piety under Makhleb
  1077 | D:2      | Identified the +2 ring mail of Servitude {Dex+2}
  1394 | D:2      | Reached XP level 4. HP: 41/41 MP: 4/4
  1791 | D:3      | Reached skill level 5 in Fighting
  1904 | D:3      | Identified the +1 hat of the World {rF+ Int+3 Dex-3}
  1906 | D:3      | Found a shadowy altar of Dithmenos.
  1951 | D:3      | Reached **** piety under Makhleb
  1970 | D:3      | Reached XP level 5. HP: 48/48 MP: 5/5
  2581 | D:4      | Reached skill level 1 in Shields
  2581 | D:4      | Reached XP level 6. HP: 47/57 MP: 6/6
  2647 | D:4      | Found a staircase to the Ecumenical Temple.
  2665 | Temple   | Entered the Ecumenical Temple
  2673 | Temple   | Fell from the grace of Makhleb
  2673 | Temple   | Became a worshipper of Qazlal Stormbringer
  2908 | D:4      | Found a shimmering blue altar of Sif Muna.
  2964 | D:4      | Reached skill level 6 in Fighting
  3261 | D:4      | Noticed a neqoxec
  3284 | D:4      | Killed a neqoxec
  3490 | D:5      | Entered Level 5 of the Dungeon
  3587 | D:5      | Noticed a smoke demon
  3603 | D:5      | Killed from afar by a smoke demon

Illustrated notes

Levels and vault maps discovered:
D:1:      eino_arrival_water_star, layout_loops_ring, basic_ecumenical_altar,
          st_stairs_2, minmay_tromino_v4_c
D:2:      layout_loops_corners, serial_forest, infiniplex_forest_straight_3,
          infiniplex_forest_split, infiniplex_forest_clump_large,
          infiniplex_forest_lined_2, infiniplex_forest_clump_tiny,
          infiniplex_forest_clump_long
D:3:      layout_basic, marbit_many_paths
D:4:      layout_basic, kennysheep_orc_sif_temple,
          minmay_temple_entry_offerings, dk_rats_in_the_wall
D:5:      layout_gridville, minmay_manual_moon, uniq_blork_the_orc
Temple:   hellmonk_temple_two_chambers

Skill      XL: |  1  2  3  4  5  6 |
---------------+-------------------+-----
Fighting       | 4 5 6 |  6.1
Polearms       | 1 2 3 4 |  4.1
Shields        | 1 2 |  2.0
Axes           | |  4.1
Dodging        | |  2.4

Action                     |  1- 3 |  4- 6 || total
---------------------------+-------+-------++-------
  Melee: Spear             |    87 |   186 ||   273
         Hand axe          |     4 |       ||     4
 Armour: Leather armour    |     2 |       ||     2
         Chain mail        |     9 |       ||     9
         Ring mail         |     2 |    80 ||    82
  Dodge: Dodged            |    31 |    63 ||    94
  Block: Buckler           |     9 |     8 ||    17
         Kite shield       |       |    18 ||    18

Table legend: (Time is in decaauts)
 A = Elapsed time spent in this place.
 B = Non-inter-level travel time spent in this place.
 C = Inter-level travel time spent in this place.
 D = Time resting spent in this place.
 E = Time spent auto-exploring this place.
 F = Levels seen in this place.
 G = Mean time per level.
                   A        B        C        D        E       F      G
               +--------+--------+--------+--------+--------+-----+--------+
         Total |   3613 |   3494 |    119 |      0 |   2869 |   6 |  602.2 |
       Dungeon |   3600 |   3491 |    109 |      0 |   2869 |   5 |  720.0 |
        Temple |     12 |      2 |     10 |      0 |      0 |   1 |   12.0 |
               +--------+--------+--------+--------+--------+-----+--------+

Top non-repeatable levels by time:
     D:4: 1227 daAuts
     D:2: 1019 daAuts
     D:1: 668 daAuts
     D:3: 571 daAuts
     D:5: 113 daAuts
  Temple: 12 daAuts
